 Dungeon Crawl Stone Soup version 0.28.0 (webtiles) character file.

Game seed: 15335754780593054132

384 crazypyro the Chopper (level 6, -2/52 HPs)
             Began as a Minotaur Fighter on Feb 8, 2022.
             Was an Initiate of Trog.
             Slain by Edmund (6 damage)
             ... on level 4 of the Dungeon.
             The game lasted 00:03:29 (3648 turns).

crazypyro the Chopper (Minotaur Fighter)            Turns: 3648, Time: 00:03:29

Health: -2/52      AC: 12    Str: 22    XL:     6   Next: 47%
Magic:  5/5        EV:  6    Int:  5    God:    Trog [......]
Gold:   181        SH:  4    Dex: 10    Spells: 5/5 levels left

rFire   . . .      SeeInvis .   a - +0 war axe
rCold   . . .      Faith    .   c - +0 buckler
rNeg    . . .      Spirit   .   q - +0 plate armour
rPois   .          Reflect  .   (helmet restricted)
rElec   .          Harm     .   (no cloak)
rCorr   .          Rampage  .   i - +0 pair of gloves
Will    .....                   (no boots)
Stlth   ..........              (no amulet)
HPRegen 0.17/turn               (no ring)
MPRegen 0.09/turn               (no ring)

@: no status effects
A: horns 2, retaliatory headbutt
a: Renounce Religion


You were on level 4 of the Dungeon.
You worshipped Trog.
Trog was noncommittal.
You visited 1 branch of the dungeon, and saw 5 of its levels.

You collected 181 gold pieces.

Inventory:

Hand Weapons
 a - a +0 war axe (weapon)
 l - the +6 Majin-Bo {vamp, MP+6 Int+6}
   (You found it on level 2 of the Dungeon)

   It occasionally heals its wielder for a portion of the damage dealt when they
   wound a living foe with it or with a spell.
   Its wielder's spells cost health as well as magical power.
   Int:       It affects your intelligence (+6).
   MP:        It affects your magic capacity (+6).
   Trog disapproves of the use of such an item.
Missiles
 k - a throwing net (quivered)
Armour
 b - a +0 scale mail
 c - a +0 buckler (worn)
 i - a +0 pair of gloves (worn)
 q - a +0 plate armour (worn)
Jewellery
 p - a ring of see invisible
Scrolls
 e - a scroll of immolation {unknown}
 g - 2 scrolls of teleportation {unknown}
 h - 3 scrolls of vulnerability {unknown}
 j - a scroll of noise {unknown}
 n - 2 scrolls of identify {unknown}
 o - a scroll of blinking {unknown}
Potions
 d - a potion of might
 f - a potion of brilliance {unknown}
 m - a potion of mutation {unknown}


   Skills:
 - Level 4.0 Fighting
 * Level 6.8 Axes
 - Level 4.0 Armour
 - Level 3.3 Dodging
 - Level 4.0 Shields


You had 5 spell levels left.
You didn't know any spells.
Your spell library was empty.

Dungeon Overview and Level Annotations

Branches:
Dungeon (5/15)
 Temple: D:4-7

Altars:
Kikubaaqudgha
Trog
Wu Jian

Shops:
D:2 (

Annotations:
D:4 1 runed translucent door, Edmund; Pikel; SnakkuSnakku7's ghost, novice FoIE
D:5 Sigmund


Innate Abilities, Weirdness & Mutations

You have a pair of horns on your head.
You reflexively headbutt those who attack you in melee.


Message History

Edmund is moderately wounded.
Edmund hits you with a +3 flail of protection!
Edmund hits you but does no damage.
You hit Edmund.
Edmund is moderately wounded.
Edmund hits you with a +3 flail of protection.
You hit Edmund but do no damage. Your headbutt misses Edmund.
Edmund is moderately wounded.
Edmund hits you with a +3 flail of protection.
Okay, then.
You hit Edmund. You headbutt Edmund.
Edmund is heavily wounded.
Edmund hits you but does no damage.
You barely miss Edmund. Your headbutt misses Edmund.
Edmund is heavily wounded.
Edmund hits you with a +3 flail of protection.
You hit Edmund. You headbutt Edmund, but do no damage.
Edmund is heavily wounded.
Edmund hits you with a +3 flail of protection.
You slash Edmund!
Edmund is almost dead.
Edmund barely misses you. You furiously retaliate!
You headbutt Edmund, but do no damage.
Edmund hits you with a +3 flail of protection.
You barely miss Edmund. Your headbutt misses Edmund.
Edmund is almost dead.
Edmund hits you but does no damage.
You hit Edmund but do no damage. You headbutt Edmund, but do no damage.
Edmund is almost dead.
Edmund hits you with a +3 flail of protection.
You barely miss Edmund. Your headbutt misses Edmund.
Edmund is almost dead.
Edmund hits you with a +3 flail of protection.
* * * LOW HITPOINT WARNING * * *
You barely miss Edmund.
Edmund is almost dead.
Edmund hits you with a +3 flail of protection!
* * * LOW HITPOINT WARNING * * *
Edmund hits you with a +3 flail of protection.
You die...

.............. #.....#
#....> ###.....#######
#.....# #.....
#..##@......#
#.....#####..... #...
#..####.#
#.....##........ #...
#<......#
##............... +...
#####..##
#.....####....... #...
....$..#......# #.......
#...
##...###.###.#.#........
#.....@@.# #.####.######
#..#.##### #.. ..#
########


You could see Edmund.

Vanquished Creatures
  2 scorpions (D:4)
  Terence (D:3)
  Jessica (D:2)
  3 gnolls (D:2)
  7 adders
  2 worms (D:2)
  4 dart slugs
  10 orcs
  13 bats
  8 endoplasms
  7 giant cockroaches
  9 goblins
  6 hobgoblins
  3 quokkas
  8 ball pythons
  3 frilled lizards
  11 kobolds
  7 rats
105 creatures vanquished.

Vanquished Creatures (others)
  10 withered plants (D:3)
10 creatures vanquished.

Grand Total: 115 creatures vanquished

Notes
Turn   | Place    | Note
-------+----------+-------------------------------------------
     0 | D:1      | crazypyro the Minotaur Fighter began the quest for the Orb.
     0 | D:1      | Reached XP level 1. HP: 19/19 MP: 0/0
    48 | D:1      | Found a faded altar of an unknown god.
   316 | D:1      | Reached XP level 2. HP: 27/27 MP: 1/1
   443 | D:1      | Reached skill level 3 in Axes
   715 | D:2      | Reached XP level 3. HP: 28/33 MP: 2/2
  1013 | D:2      | Noticed Jessica
  1017 | D:2      | Killed Jessica
  1018 | D:2      | Reached skill level 4 in Axes
  1018 | D:2      | Reached skill level 1 in Dodging
  1018 | D:2      | Reached XP level 4. HP: 24/40 MP: 3/3
  1263 | D:2      | Found Celaocky's Weapon Shop.
  1582 | D:2      | Found the +6 Majin-Bo {vamp, MP+6 Int+6}
  1751 | D:2      | Reached skill level 5 in Axes
  1751 | D:2      | Reached XP level 5. HP: 44/46 MP: 4/4
  2051 | D:3      | Found an ornate altar of the Wu Jian Council.
  2168 | D:3      | Noticed Terence
  2178 | D:3      | Killed Terence
  2911 | D:3      | Found an ancient bone altar of Kikubaaqudgha.
  3092 | D:4      | Noticed a lemure
  3092 | D:4      | Noticed Pikel
  3093 | D:4      | Noticed a lemure
  3093 | D:4      | Noticed a lemure
  3094 | D:4      | Noticed Edmund
  3094 | D:4      | Noticed a lemure
  3133 | D:4      | Reached skill level 6 in Axes
  3133 | D:4      | Reached XP level 6. HP: 50/52 MP: 5/5
  3307 | D:4      | Found a bloodstained altar of Trog.
  3351 | D:5      | Entered Level 5 of the Dungeon
  3373 | D:5      | Noticed Sigmund
  3422 | D:4      | Became a worshipper of Trog the Wrathful
  3576 | D:4      | Found a runed translucent door.
  3600 | D:4      | Noticed SnakkuSnakku7's ghost (novice FoIE)
  3648 | D:4      | Slain by Edmund

Illustrated notes

Levels and vault maps discovered:
D:1:      mainiacjoe_arrival_reflecting_pool, layout_rooms,
          chequers_ecumenical_altar_simple, minmay_octomino_j4
D:2:      layout_basic, serial_shops, shop, kennysheep_potato, uniq_jessica
D:3:      layout_basic, kiku_gazebo_garden_becter,
          nicolae_wu_jian_immortal_techniques, uniq_terence
D:4:      layout_basic, trog_hazing_becter, zin_angel, ebering_ghost_sewer_d,
          chequers_serial_rivers_large_a, minmay_misc_feat_tiny,
          roderic_batcave, uniq_edmund, uniq_pikel
D:5:      minmay_skewed_foursquare, layout_basic, uniq_duvessa, uniq_sigmund

Skill      XL: |  1  2  3  4  5 |
---------------+----------------+-----
Axes           | 3 4 5 6 |  6.8
Fighting       | 4 |  4.0
Armour         | 4 |  4.0
Shields        | 4 |  4.0
Dodging        | 1 2 3 |  3.3

Action                   |  1- 3 |  4- 6 || total
-------------------------+-------+-------++-------
Melee: War axe           |    48 |   176 ||   224
       Headbutt          |     2 |    24 ||    26
Armor: Scale mail        |     7 |    58 ||    65
       Plate armour      |       |    38 ||    38
Dodge: Dodged            |    24 |    79 ||   103
Block: Buckler           |    10 |    47 ||    57
